 Dungeon Crawl Stone Soup version 0.27-a0-1519-gc8121b24ce (webtiles) character file.

Game seed: 6030696007701159975

351 Conn the Magician (level 6, 0/41 HPs)
             Began as a Djinni Fire Elementalist on July 10, 2021.
             Slain by a centaur (1 damage)
             ... on level 5 of the Dungeon.
             The game lasted 00:10:33 (4629 turns).

Conn the Magician (Djinni Fire Elementalist)        Turns: 4629, Time: 00:10:33

Health: 0/41       AC:  4    Str:  5 (7)  XL:     6   Next: 93%
Gold:   240        EV: 12    Int: 18 (19) God:
                   SH:  0    Dex: 10 (13)

rFire    + + .     SeeInvis .   b - staff of conjuration
rCold    x . .     Faith    .   (no shield)
rNeg     . . .     Spirit   .   k - +0 robe
rPois    ∞         Reflect  .   v - +1 helmet
rElec    .         Harm     .   (no cloak)
rCorr    .         Rampage  .   (no gloves)
Will     .....                  (boots unavailable)
Stlth    ++........             (no amulet)
HPRegen  0.13/turn              (no ring)
MPRegen  0.00/turn              (no ring)

@: attractive, flying, hasted, very quick
A: sickness immunity, fire resistance 2, cold vulnerability 1, float, innate
caster, hp casting, extra vitality 1, mutation resistance 1
a: no special abilities


You were on level 5 of the Dungeon.
You visited 1 branch of the dungeon, and saw 5 of its levels.

You collected 240 gold pieces.

Inventory:

Hand Weapons
 a - a +1 short sword of protection
Missiles
 e - 24 poisoned darts
 j - 2 silver javelins
 r - 5 atropa-tipped darts
Armour
 k - a +0 robe (worn)
 v - a +1 helmet (worn)
Magical Staves
 b - a staff of conjuration (weapon)
Jewellery
 u - a ring of resist corrosion
Scrolls
 d - 9 scrolls of identify {unknown}
 l - a scroll of acquirement {unknown}
 n - a scroll of vulnerability {unknown}
 o - a scroll of brand weapon {unknown}
 p - a scroll of fear {unknown}
 s - a scroll of teleportation {unknown}
 t - a scroll of immolation {unknown}
Potions
 q - a potion of mutation


   Skills:
 + Level 0.5 Fighting
 + Level 0.4 Staves
 + Level 3.0 Dodging
 + Level 2.8 Stealth
 + Level 4.8 Spellcasting


You couldn't memorise any spells.
You knew the following spells:

 Your Spells              Type           Power      Damage    Failure   Level
a - Foxfire               Conj/Fire      100%       2x1d9     1%          1
b - Conjure Flame         Conj/Fire      32%        6-21      5%          3
c - Inner Flame           Hex/Fire       21%        N/A       5%          3
d - Sticky Flame          Conj/Fire      32%        2d5       19%         4
e - Fireball              Conj/Fire      16%        3d8       45%         5
f - Animate Skeleton      Necr           42%        N/A       1%          1
g - Static Discharge      Conj/Air       32%        N/A       2%          2
Your spell library was empty.

Dungeon Overview and Level Annotations

Branches:
Dungeon (5/15)
 Temple: D:4-7

Altars:

Shops:
D:3 *


Innate Abilities, Weirdness & Mutations

You are immune to sickness and miasma.
You are immune to poison.
Your flesh is very heat resistant. (rF++)
You are vulnerable to cold. (rC-)
You float through the air rather than walking.
You learn spells naturally, not from books.
Your magical power is your life essence.
You have superior vitality. (+4 HP)
You are somewhat resistant to further mutation.


Message History

There was something very wrong with that liquid.
You feel weakened.
You feel dopey.
You feel clumsy.
Something unseen opens the door.
Casting: Fireball (potentially lethal; 45% risk of failure)
Confirm with . or Enter, or press ? or * to list all spells.
Okay, then.
The centaur shoots an arrow.
The arrow completely misses you.
It was a potion of mutation.
You feel extremely strange.
You feel genetically stable.
The centaur shoots an arrow.
The arrow hits you!
* * * LOW HITPOINT WARNING * * *
The arrow burns you.
* * * LOW HITPOINT WARNING * * *
Unknown command.
Unknown command.
Okay, then.
It was a potion of haste.
You feel yourself speed up.
Okay, then.
Okay, then.
Sorry, you're not good enough to have a special ability.
Okay, then.
It was a potion of attraction.
You feel attractive to monsters. The scorpion stings you.
* * * LOW HITPOINT WARNING * * *
Okay, then.
As you read the scroll labelled CAC ROKYUNT, it crumbles to dust.
You speak a Word of immense power!
It was a scroll of holy word.
The scorpion stings you but does no damage.
As you read the scroll labelled KOUWOA GOXU, it crumbles to dust.
It is a scroll of enchant armour.
Your +0 helmet glows green for a moment.
As you read the scroll labelled OMYRIT GOH JIQ, it crumbles to dust.
It is a scroll of amnesia.
You feel forgetful for a moment.
The centaur unwields a +1 shortbow of flaming.
It stops flaming.
The centaur hits you.
* * * LOW HITPOINT WARNING * * *
The centaur kicks you.
You die...

...#+## ####
.......#+#..s
.......#....
.......#...
.......#..
......#'##
#.†...#
#...sc#
#...@.#
#.....#
#.....#
#####.. #...
#.... #.....
.....#


You could see a centaur and a scorpion.

Vanquished Creatures
  A bullfrog (D:4)
  A howler monkey (D:5)
  An iguana (D:2)
  An orc wizard (D:4)
  A hound skeleton (D:4)
  Robin (D:3)
  A howler monkey skeleton (D:4)
  2 adders (D:2)
  A worm (D:2)
  3 dart slugs
  25 orcs
  8 endoplasms
  5 giant cockroaches
  14 goblins
  10 hobgoblins
  7 jackals
  A quokka (D:2)
  6 ball pythons
  5 bats
  4 frilled lizards
  4 kobolds
  5 rats
107 creatures vanquished.

Vanquished Creatures (collateral kills)
  A foxfire (D:2)
1 creature vanquished.

Vanquished Creatures (others)
  286 foxfires
  3 fungi (D:2)
  2 plants (D:2)
291 creatures vanquished.

Grand Total: 399 creatures vanquished

Notes
Turn   | Place    | Note
-------+----------+-------------------------------------------
     0 | D:1      | Conn the Djinni Fire Elementalist began the quest for the
                  | Orb.
     0 | D:1      | Reached XP level 1. HP: 15/15 MP: 0/0
    19 | D:1      | Reached XP level 2. HP: 15/21 MP: 0/0
   383 | D:1      | Reached skill level 3 in Spellcasting
   386 | D:1      | Reached XP level 3. HP: 5/25 MP: 0/0
   386 | D:1      | Learned a level 1 spell: Animate Skeleton
  1200 | D:2      | Reached XP level 4. HP: 23/31 MP: 0/0
  2107 | D:2      | Found a faded altar of an unknown god.
  2220 | D:3      | Reached XP level 5. HP: 28/35 MP: 0/0
  2220 | D:3      | Learned a level 2 spell: Static Discharge
  2461 | D:3      | Reached skill level 4 in Spellcasting
  2755 | D:3      | Found Rompipp's General Store.
  2771 | D:3      | Noticed Robin
  3263 | D:3      | Killed Robin
  3756 | D:4      | Reached XP level 6. HP: 36/40 MP: 0/0
  4588 | D:5      | Entered Level 5 of the Dungeon
  4588 | D:5      | Noticed an ogre
  4623 | D:5      | Gained mutation: You are somewhat resistant to further
                  | mutation. [potion of mutation]
  4629 | D:5      | HP: 1/41 [centaur (2)]
  4629 | D:5      | Slain by a centaur

Illustrated notes

Levels and vault maps discovered:
D:1:      scummos_arrival_star, layout_rooms
D:2:      layout_loops_ring, shapermc_ecumenical_altar_mp_urbaneastern,
          corexii_item_surrounded_by_moat
D:3:      layout_rooms, serial_shops, nicolae_shop_trees, st_stairs_8,
          hex_large, uniq_robin
D:4:      layout_loops_ring
D:5:      layout_gridville, serial_shops, nicolae_take_the_stairs,
          portal_sewer_entry_b, nicolae_take_the_stairs, minmay_misc_feat_roman,
          chequers_serial_rivers_room_a, uniq_pikel

Skill      XL: |  1  2  3  4  5  6 |
---------------+-------------------+-----
Spellcasting   | 3 4 |  4.8
Stealth        | 2 |  2.8
Dodging        | 3 |  3.0
Fighting       | |  0.5
Staves         | |  0.4

Action                   |  1- 3 |  4- 6 || total
-------------------------+-------+-------++-------
Melee: Unarmed           |     2 |       ||     2
       Staff             |       |    37 ||    37
 Cast: Foxfire           |    54 |   116 ||   170
       Static Discharge  |       |     5 ||     5
  Use: Potion            |       |     4 ||     4
       Scroll            |       |     3 ||     3
 Stab: Sleeping          |       |     2 ||     2
Armor: Robe              |     7 |     9 ||    16
Dodge: Dodged            |    19 |    44 ||    63

Table legend: (Time is in decaauts)
 A = Elapsed time spent in this place.
 B = Non-inter-level travel time spent in this place.
 C = Inter-level travel time spent in this place.
 D = Time resting spent in this place.
 E = Time spent auto-exploring this place.
 F = Levels seen in this place.
 G = Mean time per level.
                   A        B        C        D        E       F      G
               +--------+--------+--------+--------+--------+-----+--------+
         Total |   4635 |   4508 |    127 |    377 |   3151 |   5 |  927.0 |
       Dungeon |   4635 |   4508 |    127 |    377 |   3151 |   5 |  927.0 |
               +--------+--------+--------+--------+--------+-----+--------+

Top non-repeatable levels by time:
     D:3: 1473 daAuts
     D:2: 1208 daAuts
     D:1: 987 daAuts
     D:4: 940 daAuts
     D:5: 26 daAuts
